 Dungeon Crawl Stone Soup version 0.31-a0-844-gdc52ec4e09 (webtiles) character file.

Game seed: 6560831712254066670

557 ipx the Chopper (level 7, -4/35 HPs)
             Began as a Vine Stalker Fighter on Sept 29, 2023.
             Was a Priest of Kikubaaqudgha.
             Slain by a bullfrog (7 damage)
             ... on level 7 of the Dungeon.
             The game lasted 00:25:40 (1508 turns).

ipx the Chopper (Vine Stalker Fighter)              Turns: 1508, Time: 00:25:41

Health: -4/35      AC:  8    Str: 19    XL:     7   Next: 30%
Magic:  0/11       EV:  9    Int: 10    God:    Kikubaaqudgha [***...]
Gold:   83         SH:  4    Dex: 13    Spells: 8/10 levels left

rFire   + . .        a - +2 war axe (elec)
rCold   + . .        c - +0 buckler
rNeg    . . .        h - +0 scale mail
rPois   +            v - +0 helmet
rElec   .            y - scarf {rC+ rF+}
rCorr   .            (no gloves)
SInv    .            i - +0 pair of boots
Will    +....        (no amulet) Stlth
                     p - ring of poison resistance
HPRegen 1.05/turn    m - ring of willpower
MPRegen 0.12/turn

%: guardian spirit
@: mighty
A: fangs 2, regeneration 1, magic shield, antimagic bite, no potion heal 2
a: Renounce Religion, Unearth Wretches


You were on level 7 of the Dungeon.
You worshipped Kikubaaqudgha.
Kikubaaqudgha was most pleased with you.
You visited 1 branch of the dungeon, and saw 7 of its levels.

You collected 232 gold pieces.
You spent 149 gold pieces at shops.

Inventory:

Hand Weapons
 a - a +2 war axe of electrocution (weapon)
 b - a +0 dagger of venom
 q - a +2 heavy flail
Missiles
 n - 3 poisoned darts (quivered)
 z - a curare-tipped dart
Armour
 c - a +0 buckler (worn)
 h - a +0 scale mail (worn)
 i - a +0 pair of boots (worn)
 v - a +0 helmet (worn)
 y - a scarf of resistance (worn)
Magical Staves
 s - a staff of death
Jewellery
 f - a ring of protection from fire
 m - a ring of willpower (right hand)
 p - a ring of poison resistance (left hand)
Wands
 x - a wand of light (8)
Scrolls
 j - 2 scrolls of poison
 o - 3 scrolls of fear
 r - 2 scrolls of teleportation
 u - 2 scrolls of fog
Potions
 e - a potion of brilliance {unknown}
 g - 2 potions of mutation {unknown}
 k - a potion of curing {unknown}
 l - a potion of magic {unknown}
 t - a potion of invisibility {unknown}
 w - 2 potions of enlightenment {unknown}
 A - a potion of lignification {unknown}


   Skills:
 - Level 2.6 Fighting
 - Level 2.0 Short Blades
 * Level 5.6 Axes
 - Level 2.4 Armour
 - Level 2.6 Shields
 - Level 2.4 Spellcasting
 + Level 2.2 Evocations


You had 8 spell levels left.
You knew the following spells:

 Your Spells              Type           Power      Damage    Failure   Level
a - Cigotuvi's Dreadful   Necr/Pois/Air  2%         N/A       86%         2

Your spell library contained the following spells:

 Spells                   Type           Power      Damage    Failure   Level
 Apportation              Tloc           2%         N/A       75%         1
 Necrotise                Necr           4%         1d4       75%         1
 Jinxbite                 Hex            2%         N/A       86%         2
 Scorch                   Fire           2%         2d5       86%         2
 Sublimation of Blood     Necr           1%         N/A       86%         2
 Vampiric Draining        Necr           1%         2d6       98%         3
 Anguish                  Hex/Necr       0%         N/A       100%        4
 Dispel Undead            Necr           1%         3d6       100%        4
 Flame Wave               Conj/Fire      1%         2d4       100%        4
 Agony                    Necr           1%         N/A       100%        5
 Alistair's Intoxication  Tmut/Pois      0%         N/A       100%        5
 Borgnjor's Vile Clutch   Necr/Erth      0%         N/A       100%        5
 Summon Cactus Giant      Summ           0%         N/A       100%        6


Dungeon Overview and Level Annotations

Branches:
Dungeon (7/15)
 Temple: D:4-7

Altars:
Kikubaaqudgha

Shops:
D:2 (   D:3 ?   D:6 !


Innate Abilities, Weirdness & Mutations

You have extremely sharp teeth.
Your natural rate of healing is unusually fast.
When hurt, damage is shared between your health and your magic reserves.
Your bite disrupts and absorbs the magic of your enemies.
Potions cannot restore your health.


Message History

An orc comes into view. It is wielding a +0 hand axe.
An orc comes into view. It is wielding a +0 hand axe.
The orc shouts!
The orc moves out of view.
The orc priest calls down the wrath of Beogh upon you.
Beogh smites you! The orc misses you.
A bullfrog comes into view.
The orc hits you with a +0 hand axe.
The orc priest invokes the aid of Beogh against you.
Beogh smites you! The orc barely misses you.
You hit the orc priest. You bite the orc priest. You drain its power.
You feel invigorated.
The orc priest is severely wounded.
You hit the orc but do no damage.
The orc priest hits you with a +0 war axe!
The orc hits you with a +0 hand axe. The bullfrog closely misses you.
The orc priest calls down the wrath of Beogh upon you.
Beogh smites you!
* * * LOW HITPOINT WARNING * * *
The orc barely misses you.
You feel very mighty all of a sudden. The orc hits you but does no damage.
The bullfrog barely misses you.
The orc priest invokes the aid of Beogh against you.
Beogh smites you!
* * * LOW HITPOINT WARNING * * *
The orc hits you but does no damage. The orc barely misses you.
You hit the orc priest.
You kill the orc priest!
Kikubaaqudgha accepts your kill.
You slash the orc!
You kill the orc!
Kikubaaqudgha accepts your kill.
You hit the orc. Lightning courses through the orc!!
You kill the orc!
Kikubaaqudgha accepts your kill.
You barely miss the orc. You closely miss the bullfrog.
The bullfrog barely misses you. The orc hits you but does no damage.
The bullfrog hits you!
You die...
Kikubaaqudgha rasps: "You have failed me!
Welcome... death!"

#.... ###.. ...
#..#.###... ..
#.........##.#
####.##.........#
.........#...#######
.......>...#.......#
...................#
.......))###.......#
......F@)###....)..#
.$....$.o...)#######
.........#....###
................#######
......#..##.........<..
....###.........######.#
#..# ##................
#.. ##........).####.
#.<.....##)#


You could see a bullfrog and an orc.

Vanquished Creatures
  A phantom (D:6)
  An ogre (D:7)
  A kobold brigand (D:6)
  A gnoll bouda (D:6)
  An orc priest (D:7)
  Ijyb (D:4)
  2 orc wizards (D:3)
  10 gnolls
  3 adders
  A shadow imp (D:6)
  3 worms
  2 dart slugs
  6 orcs
  6 bats
  4 endoplasms
  6 giant cockroaches
  6 goblins
  8 hobgoblins
  5 jackals
  3 quokkas
  6 ball pythons
  5 frilled lizards
  9 kobolds
  5 rats
96 creatures vanquished.

Notes
Turn   | Place    | Note
-------+----------+-------------------------------------------
     0 | D:1      | ipx the Vine Stalker Fighter began the quest for the Orb.
     0 | D:1      | Reached XP level 1. HP: 11/11 MP: 2/2
    37 | D:1      | Found a faded altar of an unknown god.
    45 | D:1      | Prayed at the altar of an unknown god.
    45 | D:1      | Became a worshipper of Kikubaaqudgha
    45 | D:1      | Reached * piety under Kikubaaqudgha
    45 | D:1      | Received a gift from Kikubaaqudgha
    52 | D:1      | Reached skill level 2 in Axes
   135 | D:1      | Reached XP level 2. HP: 15/16 MP: 3/3
   171 | D:1      | Reached skill level 3 in Axes
   182 | D:1      | Reached XP level 3. HP: 19/19 MP: 4/4
   334 | D:2      | Reached ** piety under Kikubaaqudgha
   335 | D:2      | Reached skill level 1 in Short Blades
   359 | D:2      | Reached XP level 4. HP: 23/23 MP: 5/5
   415 | D:2      | Found Zinen's Antique Weapon Shop.
   549 | D:2      | Learned a level 2 spell: Cigotuvi's Dreadful Rot
   556 | D:3      | Found Zuosup's Magic Scroll Shoppe.
   619 | D:3      | Reached XP level 5. HP: 27/27 MP: 4/7
   628 | D:3      | Reached skill level 1 in Spellcasting
   734 | D:3      | Reached *** piety under Kikubaaqudgha
   734 | D:3      | Received a gift from Kikubaaqudgha
   753 | D:3      | Reached skill level 4 in Axes
   865 | D:4      | Noticed Ijyb
   888 | D:4      | Killed Ijyb
   889 | D:4      | Reached XP level 6. HP: 14/32 MP: 6/10
   967 | D:5      | Entered Level 5 of the Dungeon
  1094 | D:2      | Bought a glowing war axe for 149 gold pieces
  1380 | D:6      | Found Kaimor's Distillery.
  1394 | D:6      | Reached skill level 1 in Evocations
  1399 | D:6      | Reached skill level 5 in Axes
  1401 | D:6      | Reached XP level 7. HP: 32/35 MP: 8/11
  1508 | D:7      | Slain by a bullfrog

Illustrated notes

Levels and vault maps discovered:
D:1:      minmay_arrival_three_doors, layout_basic,
          hellmonk_ecumenical_altar_crossroads, serial_park_tiny_2
D:2:      minmay_diamond_boxcup, layout_rooms, serial_shops, shop,
          minmay_tromino_mix6
D:3:      layout_basic, serial_shops, shop, guppyfry_early_orc_mine,
          uniq_crazy_yiuf_cottage
D:4:      layout_loops_ring, nicolae_overflow_macrodata_refinement,
          minmay_temple_entry_poolview, hangedman_abyss_or_decor_stagger,
          uniq_ijyb, uniq_sigmund
D:5:      layout_basic, lemuel_round_altar, supply_closet_lemuel,
          dreamdust_wishing_well, nicolae_elevator_lobby_plus
D:6:      layout_cave_pools, nemelex_dance_club_becter,
          okawaru_ov_weapons_minmay, kennysheep_windowed_goal
D:7:      layout_rooms, grunt_ministairs_1, kennysheep_opposing_triangles,
          uniq_duvessa, uniq_pikel, uniq_jeremiah

Skill      XL: |  1  2  3  4  5  6  7 |
---------------+----------------------+-----
Axes           | 2 3 4 5 |  5.6
Short Blades   | 1 2 |  2.0
Spellcasting   | 2 |  2.4
Evocations     | 1 2 |  2.2
Fighting       | |  2.6
Armour         | |  2.4
Shields        | |  2.6

Action                     |  1- 3 |  4- 6 |  7- 9 || total
---------------------------+-------+-------+-------++-------
  Melee: War axe           |    29 |    20 |    12 ||    61
         Bite              |    21 |    50 |     2 ||    73
         Dagger            |    42 |   136 |       ||   178
  Throw: Dart              |       |     2 |     3 ||     5
  Evoke: Wand              |       |       |     1 ||     1
    Use: Scroll            |       |     5 |       ||     5
         Potion            |       |       |     1 ||     1
 Armour: Scale mail        |    48 |   107 |    15 ||   170
  Dodge: Dodged            |    48 |    48 |    14 ||   110
  Block: Buckler           |    19 |    34 |     2 ||    55

Table legend: (Time is in decaauts)
 A = Elapsed time spent in this place.
 B = Non-inter-level travel time spent in this place.
 C = Inter-level travel time spent in this place.
 D = Time resting spent in this place.
 E = Time spent auto-exploring this place.
 F = Levels seen in this place.
 G = Mean time per level.
                   A        B        C        D        E       F      G
               +--------+--------+--------+--------+--------+-----+--------+
         Total |   1526 |   1359 |    167 |      0 |      0 |   7 |  218.0 |
       Dungeon |   1526 |   1359 |    167 |      0 |      0 |   7 |  218.0 |
               +--------+--------+--------+--------+--------+-----+--------+

Top non-repeatable levels by time:
     D:3: 462 daAuts
     D:2: 300 daAuts
     D:1: 289 daAuts
     D:4: 222 daAuts
     D:6: 117 daAuts
     D:5: 67 daAuts
     D:7: 66 daAuts
